 Dungeon Crawl Stone Soup version 0.29-a0-490-g77b3608bb8 (webtiles) character file.

Game seed: 18010348293839291390

17 jlumianski the Skirmisher (level 2, -2/24 HPs)
             Began as a Demonspawn Fighter on May 26, 2022.
             Slain by a frilled lizard (3 damage)
             ... on level 2 of the Dungeon.
             The game lasted 00:02:38 (809 turns).

jlumianski the Skirmisher (Demonspawn Fighter)       Turns: 809, Time: 00:02:39

Health: -2/24      AC:  6    Str: 22    XL:     2   Next: 44%
Magic:  2/2        EV:  9    Int:  9    God:
Gold:   16         SH:  4    Dex: 12    Spells: 1/1 levels left

rFire   . . .      SeeInvis .   a - +0 war axe
rCold   . . .      Faith    .   c - +0 buckler
rNeg    . . .      Spirit   .   b - +0 scale mail
rPois   .          Reflect  .   (no helmet)
rElec   .          Harm     .   (no cloak)
rCorr   .          Rampage  .   (no gloves)
Will    .....                   (no boots)
Stlth   ..........              (no amulet)
HPRegen 0.08/turn               f - +6 ring of strength
MPRegen 0.08/turn               (no ring)

@: no status effects
A: hooves 1
a: no special abilities


You were on level 2 of the Dungeon.
You visited 1 branch of the dungeon, and saw 2 of its levels.

You collected 16 gold pieces.

Inventory:

Hand Weapons
 a - a +0 war axe (weapon)
Missiles
 e - 34 stones (quivered)
 k - 4 boomerangs
Armour
 b - a +0 scale mail (worn)
 c - a +0 buckler (worn)
Jewellery
 f - a +6 ring of strength (left hand)
Scrolls
 g - a scroll of blinking {unknown}
 h - a scroll of identify {unknown}
 i - a scroll of teleportation {unknown}
 l - a scroll of fog {unknown}
Potions
 d - a potion of might
 j - a potion of attraction {unknown}


   Skills:
 + Level 3.4 Fighting
 + Level 1.8 Axes
 + Level 2.9 Armour
 + Level 2.9 Shields


You had one spell level left.
You didn't know any spells.
Your spell library contained the following spells:

 Spells                   Type           Power      Damage    Failure   Level
 Apportation              Tloc           0%         N/A       80%         1
 Necrotize                Necr           0%         1d4       80%         1
 Summon Small Mammal      Summ           0%         N/A       80%         1


Dungeon Overview and Level Annotations

Branches:
Dungeon (2/15)

Altars:

Shops:
D:1 *


Innate Abilities, Weirdness & Mutations

You have large cloven feet.


Message History

The hobgoblin hits you but does no damage.
The frilled lizard bites you but does no damage.
The frilled lizard closely misses you. The hobgoblin hits you.
You block the hobgoblin's attack. The frilled lizard barely misses you.
The hobgoblin hits you.
The frilled lizard bites you but does no damage.
The hobgoblin barely misses you.
The frilled lizard bites you but does no damage.
The hobgoblin hits you. The frilled lizard bites you.
* * * LOW HITPOINT WARNING * * *
The frilled lizard misses you. The hobgoblin barely misses you.
The frilled lizard bites you but does no damage.
You block the hobgoblin's attack. You block the hobgoblin's attack.
The frilled lizard bites you.
* * * LOW HITPOINT WARNING * * *
You block the hobgoblin's attack.
The frilled lizard bites you but does no damage.
The hobgoblin closely misses you.
The frilled lizard bites you but does no damage.
The frilled lizard bites you but does no damage.
The hobgoblin hits you.
* * * LOW HITPOINT WARNING * * *
You block the frilled lizard's attack.
The hobgoblin hits you but does no damage.
The hobgoblin barely misses you. The frilled lizard closely misses you.
The hobgoblin barely misses you. The frilled lizard barely misses you.
The hobgoblin hits you but does no damage.
The frilled lizard bites you but does no damage.
The frilled lizard bites you but does no damage.
The hobgoblin closely misses you. The frilled lizard barely misses you.
You block the hobgoblin's attack. The hobgoblin hits you.
* * * LOW HITPOINT WARNING * * *
The frilled lizard unfolds its giant frill.
You block the frilled lizard's attack. The hobgoblin closely misses you.
You block the frilled lizard's attack. The hobgoblin hits you.
* * * LOW HITPOINT WARNING * * *
The frilled lizard bites you.
You die...

#.# ...∩.
#.####.....
##....#.....
#......∩..8.
#.........#
#.........#
#.####..[gl..$.#
#...<..?.@.....#
#.####..#####.(..
#..# . #..# ...#
###.# #.. ###


You could see a hobgoblin and a frilled lizard.

Vanquished Creatures
  3 ball pythons (D:1)
  2 bats (D:1)
  A giant cockroach (D:1)
  A goblin (D:1)
  3 jackals (D:1)
  2 kobolds (D:1)
  A frilled lizard (D:1)
  A rat (D:1)
14 creatures vanquished.

Notes
Turn   | Place    | Note
-------+----------+-------------------------------------------
     0 | D:1      | jlumianski the Demonspawn Fighter began the quest for the
                  | Orb.
     0 | D:1      | Reached XP level 1. HP: 18/18 MP: 1/1
   311 | D:1      | Gained mutation: You have large cloven feet. [demonic
                  | ancestry]
   311 | D:1      | Reached XP level 2. HP: 24/24 MP: 2/2
   498 | D:1      | Found Texog's Assorted Antiques.
   809 | D:2      | HP: 1/24 [hobgoblin (1)]
   809 | D:2      | Slain by a frilled lizard

Illustrated notes

Levels and vault maps discovered:
D:1:      grunt_arrival_crossed_arrows, layout_loops_ring, serial_shops,
          nicolae_diamond_shop
D:2:      layout_loops_ring, hellmonk_ecumenical_altar_arch_garden

Action                   || total
-------------------------++-------
Melee: War axe           ||    37
       Kick              ||     3
Armor: Scale mail        ||    47
Dodge: Dodged            ||    47
Block: Buckler           ||    22

Table legend: (Time is in decaauts)
 A = Elapsed time spent in this place.
 B = Non-inter-level travel time spent in this place.
 C = Inter-level travel time spent in this place.
 D = Time resting spent in this place.
 E = Time spent auto-exploring this place.
 F = Levels seen in this place.
 G = Mean time per level.
                   A        B        C        D        E       F      G
               +--------+--------+--------+--------+--------+-----+--------+
         Total |    825 |    799 |     26 |      0 |    402 |   2 |  412.5 |
       Dungeon |    825 |    799 |     26 |      0 |    402 |   2 |  412.5 |
               +--------+--------+--------+--------+--------+-----+--------+

Top non-repeatable levels by time:
     D:1: 762 daAuts
     D:2: 62 daAuts
